 Dungeon Crawl Stone Soup version 0.31-a0-43-g46d131a48f (webtiles) character file.

Game seed: 7192476829195235914

103515 bande the Peltast (level 16, -6/100 HPs)
             Began as a Gargoyle Fighter on May 18, 2023.
             Was the Champion of Okawaru.
             Mangled by Agnes
             ... wielding a +1 vampiric lajatang
              (22 damage)
             ... on level 15 of the Dungeon.
             The game lasted 00:57:34 (24749 turns).

bande the Peltast (Gargoyle Fighter)               Turns: 24749, Time: 00:57:34

Health: -6/100     AC: 34    Str: 21    XL:     16   Next: 36%
Magic:  32/32      EV:  8    Int: 10    God:    Okawaru [******]
Gold:   1436       SH:  0    Dex: 18    Spells: 15/15 levels left

rFire   + + .        a - +1 war axe (elec)
rCold   + . .        p - +1 tower shield
rNeg    + + .        Q - +0 pearl dragon scales
rPois   ∞            b - +0 helmet
rElec   +            K - +0 cloak
rCorr   .            A - +0 pair of gloves {Dex+3}
SInv    .            X - +1 pair of boots "Fickav" {rF+ MP+9}
Will    +....        e - amulet of regeneration Stlth
                     f - ring of protection from fire
HPRegen 1.16/turn    u - ring of protection from cold
MPRegen 0.23/turn

%: no passive effects
@: confused, ambrosia-drunk, on berserk cooldown, flying, slowed, very slow
A: sickness immunity, AC +12, big wings, negative energy resistance 1,
electricity resistance, torment resistance 1, petrification resistance
a: Renounce Religion, Heroism, Finesse, Duel


You were on level 15 of the Dungeon.
You worshipped Okawaru.
Okawaru was exalted by your worship.
You visited 3 branches of the dungeon, and saw 21 of its levels.
You visited the Abyss 1 time.
You also visited: Gauntlet.

You collected 1939 gold pieces.
You spent 503 gold pieces at shops.

Inventory:

Hand Weapons
 a - a +1 war axe of electrocution (weapon)
 J - a +4 scimitar of flaming
 W - a +1 arbalest of freezing
 Z - a +0 broad axe
Missiles
 C - a throwing net (quivered)
Armour
 b - a +0 helmet (worn)
 p - a +1 tower shield (worn)
 t - the +1 ice dragon scales of Circular Logic {rF- rC++ Int+8}
   (Okawaru gifted it to you on level 5 of the Lair of Beasts)

   Int:       It affects your intelligence (+8).
   rF:        It makes you vulnerable to fire.
   rC:        It greatly protects you from cold.
 A - a +0 pair of gloves of dexterity (worn)
 K - a +0 cloak (worn)
 Q - +0 pearl dragon scales (worn)
 R - a scarf of invisibility
 X - the +1 pair of boots "Fickav" (worn) {rF+ MP+9}
   (Okawaru gifted it to you on level 14 of the Dungeon)

   rF:        It protects you from fire.
   MP:        It affects your magic capacity (+9).
Jewellery
 c - a ring of positive energy
 e - an amulet of regeneration (around neck)
 f - a ring of protection from fire (left hand)
 h - a ring of wizardry
 m - a ring of positive energy
 s - a ring of magical power
 u - a ring of protection from cold (right hand)
 B - a ring of see invisible
 E - a +6 ring of dexterity
 I - an amulet of reflection
 S - an amulet of faith
 V - the ring of Meaja {Ice Str+5}
   (You found it in a Gauntlet)

   [ring of ice]

   It enhances your ice magic.
   Str:       It affects your strength (+5).
   rF:        It makes you vulnerable to fire.
   rC:        It protects you from cold.
Wands
 d - a wand of polymorph (8)
 q - a wand of roots (20)
 w - a wand of paralysis (42)
 z - a wand of flame (45)
 L - a wand of mindburst (9)
 O - a wand of acid (5)
 U - a wand of digging (3)
Scrolls
 n - a scroll of fog
 o - 3 scrolls of enchant armour
 x - 2 scrolls of blinking
 y - a scroll of enchant weapon
 D - 3 scrolls of magic mapping
 F - 2 scrolls of amnesia
 G - 8 scrolls of identify
 H - 9 scrolls of teleportation
 M - a scroll of silence
 N - 2 scrolls of poison
 P - a scroll of fear
Potions
 g - 9 potions of curing
 i - 4 potions of brilliance
 j - 8 potions of haste
 k - 8 potions of ambrosia
 l - 3 potions of invisibility
 v - 2 potions of resistance
 T - a potion of cancellation


   Skills:
 + Level 11.5 Fighting
 + Level 1.5 Long Blades
 + Level 14.6 Axes
 + Level 11.3 Armour
 + Level 15.3 Shields
 * Level 10.6 Invocations
 * Level 10.5 Evocations


You had 15 spell levels left.
You didn't know any spells.
Your spell library contained the following spells:

 Spells                   Type           Power      Damage    Failure   Level
 Foxfire                  Conj/Fire      0%         2x1d4     95%         1
 Blink                    Tloc           0%         N/A       99%         2
 Static Discharge         Conj/Air       0%         2-2/arc   99%         2
 Gell's Gravitas          Tloc           0%         N/A       100%        3
 Hailstorm                Conj/Ice       0%         3d3       100%        3
 Ignite Poison            Fire/Tmut/Pois 0%         N/A       100%        3
 Inner Flame              Hex/Fire       0%         N/A       100%        3
 Teleport Other           Tloc           0%         N/A       100%        3
 Airstrike                Air            0%         2d(0-16)  100%        4
 Flame Wave               Conj/Fire      0%         2d4       100%        4
 Ice Form                 Ice/Tmut       0%         N/A       100%        4
 Manifold Assault         Tloc           0%         N/A       100%        4
 Sticky Flame             Conj/Fire      0%         2d3       100%        4
 Fireball                 Conj/Fire      0%         3d3       100%        5
 Freezing Cloud           Conj/Ice/Air   0%         6-21      100%        5
 Iskenderun's Battlesphe  Conj           0%         2d6       100%        5
 Yara's Violent Unravell  Hex/Tmut       0%         3d3       100%        5
 Conjure Ball Lightning   Conj/Air       0%         3x3d6     100%        6
 Dispersal                Tloc           0%         N/A       100%        6
 Plasma Beam              Fire/Air       0%         2x1d11    100%        6
 Enfeeble                 Hex            0%         N/A       100%        7
 Orb of Destruction       Conj           0%         9d5       100%        7
 Storm Form               Tmut/Air       0%         N/A       100%        7
 Fire Storm               Conj/Fire      0%         5d1       100%        9
 Cigotuvi's Dreadful Rot  Necr/Pois/Air  Unusable   N/A       N/A         2
 Summon Lightning Spire   Summ/Air       Unusable   N/A       N/A         4
 Simulacrum               Ice/Necr       Unusable   N/A       N/A         6

Dungeon Overview and Level Annotations

Branches:
Dungeon (15/15)            Temple (1/1) D:7            Lair (5/5) D:9
  Swamp (0/4) Lair:3        Snake (0/4) Lair:3        Slime (0/5) Lair:5
    Orc (0/2) D:11         Vaults (0/5) D:14        Gauntlet (visited)
 Depths: D:15

Altars:
Ashenzari
Cheibriados
Dithmenos
Elyvilon
Fedhas
Gozag
Hepliaklqana
Kikubaaqudgha
Makhleb
Nemelex Xobeh
Okawaru
Qazlal
Ru
Sif Muna
Trog
Uskayaw
Vehumet
Wu Jian
Xom
Yredelemnul
Zin
The Shining One

Shops:
D:4 *   D:6 !!?=!   D:14 ((*

Annotations:
D:15 Agnes
Lair:1 exclusion: oklob plant


Innate Abilities, Weirdness & Mutations

You are immune to sickness and miasma.
Your stone body is resilient. (AC +12)
You are immune to poison.
Your large and strong wings let you fly.
You resist negative energy. (rN+)
You are resistant to electric shocks. (rElec)
You are resistant to unholy torment.
You are immune to petrification.


Message History

Agnes hits you with a +1 vampiric lajatang!
You miss Agnes.
Agnes is almost dead.
You block Agnes's attack.
You miss Agnes.
Agnes is almost dead.
You block Agnes's attack.
You miss Agnes.
Agnes is almost dead.
You are no longer berserk.
You are exhausted.
You feel yourself slow down. You block Agnes's attack.
Agnes blocks your attack.
Agnes is almost dead.
You block Agnes's attack.
Agnes hits you with a +1 vampiric lajatang!
* * * LOW HITPOINT WARNING * * *
You hit Agnes. Lightning courses through Agnes!
Agnes is almost dead.
Agnes hits you with a +1 vampiric lajatang!
* * * LOW HITPOINT WARNING * * *
You block Agnes's attack. x2
Agnes blocks your attack.
Agnes is almost dead.
You block Agnes's attack. x2
Agnes hits you with a +1 vampiric lajatang!
* * * LOW HITPOINT WARNING * * *
You closely miss Agnes.
Agnes is almost dead.
You block Agnes's attack. x2
Agnes blocks your attack.
Agnes is almost dead.
Agnes hits you with a +1 vampiric lajatang.
* * * LOW HITPOINT WARNING * * *
Agnes hits you with a +1 vampiric lajatang.
* * * LOW HITPOINT WARNING * * *
You are confused.
You feel invigorated.
Agnes hits you with a +1 vampiric lajatang!!
You die...

....###### .........#
.....###.# ##
##...###.## ..
##........# .#
###..###..# .# #
#..###..# .#
###.......#
####.####.#
.....)...##
#..@i...[.#
###.#..###
#.##.###### .##.#..#
#.# .# .##.#..### #.#
.# ....#....# ##.# .#
..###..#.####..# .#
.......#...##.###.###
...##..#.#...........
...##..#...##.###.##.


You could see Agnes (reflecting).

Vanquished Creatures
  Rupert (D:14)
  Frances (D:13)
  Kirke (D:14)
  An ironbound preserver (D:14)
  A minotaur (Gauntlet)
  A fire dragon (Lair:5)
  6 hydras
  2 catoblepae
  4 centaur warriors
  Erica (Lair:2)
  A death knight (D:15)
  8 boulder beetles
  6 death yaks
  A tengu warrior (D:13)
  4 two-headed ogres
  A fire crab (Gauntlet)
  2 skysharks
  11 skeletal warriors
  A spark wasp zombie (D:15)
  A swamp dragon (Lair:5)
  A large abomination (Gauntlet)
  Pikel (D:4)
  A lindwurm (Lair:5)
  2 wizards (D:14)
  An orc knight (D:15)
  2 manticores
  A phantasmal warrior (D:15)
  4 deep elf pyromancers
  A wolf spider (D:15)
  5 cyclopes
  12 ugly things
  A will-o-the-wisp (Lair:3)
  A moth of wrath (Gauntlet)
  25 elephants
  2 black mambas
  A gargoyle (D:10)
  A torpor snail (Lair:5)
  13 cane toads
  Maggie (D:7)
  2 unseen horrors
  A kobold demonologist (D:7)
  3 rime drakes (Lair:5)
  An efreet (D:15)
  2 tengu conjurers
  11 komodo dragons
  6 trolls
  A queen bee (D:10)
  10 polar bears
  3 raiju (Lair:5)
  A hornet (D:6)
  5 dream sheep (Lair:4)
  19 blink frogs
  A shadow (D:9)
  15 slime creatures
  5 basilisks
  2 vampires
  2 wyverns
  4 wraiths
  4 humans (D:15)
  4 fire bats (Gauntlet)
  2 steam dragons
  58 yaks
  A fire elemental (Lair:4)
  7 vampire mosquitoes
  2 nagas (Lair:3)
  7 wargs
  11 water moccasins
  13 hell hounds
  Duvessa (D:6)
  A sky beast (D:7)
  4 ice beasts
  3 swamp drakes (Lair:5)
  8 orc warriors
  13 black bears
  2 ogres (D:6)
  38 wolves
  9 centaurs
  A phantom (D:6)
  3 lemures (D:4)
  4 kobold brigands
  7 bullfrogs
  4 scorpions
  5 small abominations (Gauntlet)
  A gnoll sergeant (D:9)
  8 wights
  Dowan (D:6)
  33 killer bees
  A vampire bat (D:8)
  An electric eel (Lair:4)
  2 howler monkeys
  A hound (D:5)
  3 jellies
  2 sleepcaps
  4 orc priests
  5 iguanas
  9 orc wizards
  6 hell rats (Lair:4)
  A mummy (D:3)
  8 gnolls
  7 adders
  3 shadow imps
  2 white imps
  2 ufetubi
  2 worms
  3 dart slugs
  46 orcs
  5 bats
  3 bat skeletons (D:8)
  3 bat zombies (D:8)
  An endoplasm (D:1)
  2 giant cockroaches
  7 hobgoblins
  4 jackals (D:3)
  3 quokkas
  9 ball pythons
  6 goblins
  19 kobolds
  6 rats
  A butterfly (Lair:1)
657 creatures vanquished.

Vanquished Creatures (others)
  A sky beast (D:7)
  An iguana (Lair:5)
  3 foxfires (Lair:3)
5 creatures vanquished.

Grand Total: 662 creatures vanquished

Notes
Turn   | Place    | Note
-------+----------+-------------------------------------------
     0 | D:1      | bande the Gargoyle Fighter began the quest for the Orb.
     0 | D:1      | Reached XP level 1. HP: 14/14 MP: 1/1
   314 | D:1      | Reached XP level 2. HP: 19/19 MP: 2/2
   748 | D:1      | Found a faded altar of an unknown god.
   968 | D:2      | Reached XP level 3. HP: 23/23 MP: 3/3
  1669 | D:2      | Reached XP level 4. HP: 28/28 MP: 4/4
  1686 | D:2      | You fall into a shaft and drop 1 floor!
  2096 | D:3      | Found a snail-covered altar of Cheibriados.
  2417 | D:4      | Reached XP level 5. HP: 23/33 MP: 5/5
  2685 | D:4      | Found a hide-covered altar of Uskayaw.
  2706 | D:4      | Reached XP level 6. HP: 38/38 MP: 6/6
  2716 | D:4      | Identified the +0 whip "Darusan" {heavy, *Corrode rElec
                  | rPois}
  2737 | D:4      | Found Rewy's Fire Supplies.
  2790 | D:4      | Found a broken altar of Ashenzari.
  2867 | D:4      | Found a sacrificial altar of Ru.
  3012 | D:4      | Noticed Pikel
  3065 | D:4      | Killed Pikel
  3066 | D:4      | Reached skill level 5 in Axes
  3066 | D:4      | Reached skill level 5 in Armour
  3066 | D:4      | Reached skill level 4 in Shields
  3066 | D:4      | Reached XP level 7. HP: 22/44 MP: 7/7
  3521 | D:5      | Entered Level 5 of the Dungeon
  3547 | D:5      | Reached XP level 8. HP: 48/48 MP: 8/8
  3625 | D:5      | Reached skill level 5 in Shields
  3979 | D:6      | Reached skill level 5 in Fighting
  3985 | D:6      | Reached skill level 6 in Shields
  4056 | D:6      | Found Nyfa Xirgh's Distillery.
  4068 | D:6      | Bought a potion of degeneration for 13 gold pieces
  4068 | D:6      | Bought a potion of heal wounds for 65 gold pieces
  4068 | D:6      | Bought a potion of might for 52 gold pieces
  4115 | D:6      | Found Opyddumm's Jewellery Shoppe.
  4151 | D:6      | Reached XP level 9. HP: 54/54 MP: 9/9
  4157 | D:6      | Found Hull's Magic Scroll Shoppe.
  4224 | D:6      | Found Lerghir's Distillery.
  4250 | D:6      | Noticed Duvessa
  4251 | D:6      | Noticed Dowan
  4260 | D:6      | Killed Duvessa
  4269 | D:6      | Killed Dowan
  4300 | D:6      | Noticed a hornet
  4317 | D:6      | Killed a hornet
  4318 | D:6      | Reached skill level 1 in Evocations
  4472 | D:6      | Found Gymaynef's Distillery.
  4859 | D:7      | Found a staircase to the Ecumenical Temple.
  4896 | D:7      | Found an iron altar of Okawaru.
  4947 | D:7      | Reached skill level 7 in Shields
  4994 | Temple   | Entered the Ecumenical Temple
  5611 | D:7      | Noticed Maggie
  5632 | D:7      | Killed Maggie
  5953 | D:7      | Reached XP level 10. HP: 60/60 MP: 10/10
  5965 | D:7      | Found the +7 Spriggan's Knife {stab, EV+4 Stlth+}
  5965 | D:7      | Noticed a kobold demonologist
  5972 | D:7      | Noticed a sun demon
  5973 | D:7      | Killed a kobold demonologist
  6080 | D:7      | Killed an unseen horror
  6179 | D:7      | Reached skill level 8 in Shields
  6791 | D:8      | Found an ancient bone altar of Kikubaaqudgha.
  6912 | D:9      | Found a sparkling altar of Nemelex Xobeh.
  6914 | D:9      | Found a shimmering blue altar of Sif Muna.
  7024 | D:9      | Reached skill level 9 in Shields
  7032 | D:9      | Reached XP level 11. HP: 66/66 MP: 11/11
  7477 | D:9      | Found a shadowy altar of Dithmenos.
  7488 | D:9      | Reached skill level 10 in Axes
  7488 | D:9      | Reached skill level 5 in Evocations
  7692 | D:9      | Found a staircase to the Lair.
  7898 | D:6      | Bought a potion of flight for 30 gold pieces
  7937 | D:7      | Became a worshipper of Warmaster Okawaru
  7996 | Lair:1   | Entered Level 1 of the Lair of Beasts
  8020 | D:9      | Reached skill level 1 in Invocations
  8256 | D:9      | Reached * piety under Okawaru
  8409 | Lair:1   | Noticed an oklob plant
  8430 | Lair:1   | Reached skill level 10 in Shields
  8447 | Lair:1   | Reached ** piety under Okawaru
  8822 | Lair:1   | Reached *** piety under Okawaru
  8893 | Lair:1   | Reached XP level 12. HP: 47/73 MP: 14/14
  8942 | Lair:1   | Identified the +0 trident "Aleynej" {flame, Dex+2}
  9639 | Lair:2   | Reached **** piety under Okawaru
  9672 | Lair:2   | You fall into a shaft and drop 1 floor!
  9800 | Lair:3   | Found a staircase to the Swamp.
  9935 | Lair:3   | Noticed a skyshark
  9953 | Lair:3   | Killed a skyshark
  9953 | Lair:3   | Reached ***** piety under Okawaru
  9959 | Lair:3   | Noticed a boulder beetle
 10017 | Lair:2   | Noticed Erica
 10039 | Lair:2   | Killed Erica
 10040 | Lair:2   | Reached skill level 11 in Shields
 10720 | Lair:2   | Reached skill level 5 in Invocations
 10965 | Lair:3   | Killed a boulder beetle
 11127 | Lair:3   | Received a gift from Okawaru
 11129 | Lair:3   | Reached XP level 13. HP: 50/79 MP: 17/17
 11251 | Lair:3   | Found a staircase to the Snake Pit.
 11369 | Lair:3   | Reached ****** piety under Okawaru
 11535 | Lair:4   | Received a gift from Okawaru
 12361 | Lair:5   | Entered Level 5 of the Lair of Beasts
 12395 | Lair:4   | Reached skill level 12 in Shields
 13043 | Lair:5   | Reached skill level 10 in Armour
 13244 | Lair:5   | Identified the +0 helmet of the Accordion {Harm Rampage
                  | rPois Will-} (Okawaru gifted it to you on level 5 of the
                  | Lair of Beasts)
 13244 | Lair:5   | Received a gift from Okawaru
 13269 | Lair:5   | HP: 3/80 [death yak (12)]
 13389 | Lair:5   | Found a staircase to the Slime Pits.
 13517 | Lair:5   | Gained mutation: Your large and strong wings let you fly.
                  | [Gargoyle growth]
 13517 | Lair:5   | Reached XP level 14. HP: 86/86 MP: 19/19
 13902 | Lair:5   | Reached skill level 13 in Shields
 14721 | Lair:5   | Reached skill level 10 in Fighting
 14740 | Lair:5   | Identified the +1 ice dragon scales of Circular Logic {rF-
                  | rC++ Int+8} (Okawaru gifted it to you on level 5 of the
                  | Lair of Beasts)
 14740 | Lair:5   | Received a gift from Okawaru
 15546 | D:10     | Entered Level 10 of the Dungeon
 15702 | D:10     | Found a blossoming altar of Fedhas.
 15902 | D:10     | Found a glowing silver altar of Zin.
 15903 | D:10     | Found an opulent altar of Gozag.
 15990 | D:10     | Found a shimmering altar of Xom.
 16057 | D:11     | Got Ponacrar's Enchiridion on Phlogiston
 16870 | D:11     | Reached XP level 15. HP: 92/92 MP: 21/21
 17186 | D:11     | Found a staircase to the Orcish Mines.
 17508 | D:12     | Found a shimmering altar of Xom.
 17576 | D:12     | Received a gift from Okawaru
 17622 | D:12     | Found a gate leading to a gauntlet.
 17627 | Gauntlet | Entered a Gauntlet
 17627 | Gauntlet | Found a transporter.
 17648 | Gauntlet | Found a transporter.
 17648 | Gauntlet | Found a transporter.
 17650 | Gauntlet | Found a transporter.
 17668 | Gauntlet | Found a transporter.
 17712 | Gauntlet | Found a transporter.
 17714 | Gauntlet | Found a transporter.
 17741 | Gauntlet | Found a transporter.
 17748 | Gauntlet | Found a transporter.
 17816 | Gauntlet | Reached skill level 14 in Shields
 17945 | Gauntlet | Found a large runed translucent door.
 17946 | Gauntlet | Found a large runed translucent door.
 17947 | Gauntlet | Found a large runed translucent door.
 17947 | Gauntlet | Found a large runed translucent door.
 17947 | Gauntlet | Found a large runed translucent door.
 17948 | Gauntlet | Found a runed translucent door.
 18001 | Gauntlet | Identified the +2 mace of Ovueg {speed, rCorr}
 18103 | Gauntlet | Found a transporter.
 18294 | Gauntlet | Found a transporter.
 18391 | Gauntlet | Identified the +7 hand axe of Subterfuge {heavy, rPois
                  | Will++ Dex+3 Stlth+}
 18391 | Gauntlet | Identified the ring of Meaja {Ice Str+5}
 18895 | D:12     | HP: 2/93 [enormous slime creature (8)]
 19308 | D:13     | Identified the +0 plate armour of the Lost Path {rPois
                  | Int+3 Dex+6} (Okawaru gifted it to you on level 13 of the
                  | Dungeon)
 19308 | D:13     | Received a gift from Okawaru
 20549 | D:14     | Found Soejeque's Antique Weapon Emporium.
 20557 | D:14     | Bought a glowing war axe for 195 gold pieces
 20559 | D:14     | Found Jonoydd's Assorted Antiques.
 20559 | D:14     | Noticed Frances
 20596 | D:13     | Killed Frances
 20972 | Abyss:2  | Cast into level 2 of the Abyss (a wizard)
 20981 | D:14     | Escaped the Abyss
 21671 | D:13     | Reached skill level 10 in Invocations
 21719 | D:14     | Found a gate to the Vaults.
 21728 | D:14     | Reached skill level 1 in Long Blades
 21728 | D:14     | Reached skill level 10 in Evocations
 21850 | D:14     | Bought a broad axe for 148 gold pieces
 21936 | D:14     | Found Gubaoller's Antique Weapon Shoppe.
 22145 | D:15     | Entered Level 15 of the Dungeon
 22180 | D:15     | Noticed Kirke
 22200 | D:14     | Identified the +1 pair of boots "Fickav" {rF+ MP+9}
                  | (Okawaru gifted it to you on level 14 of the Dungeon)
 22200 | D:14     | Received a gift from Okawaru
 22566 | D:14     | Noticed a sphinx
 22570 | D:14     | Killed Kirke
 22724 | D:15     | Reached XP level 16. HP: 100/100 MP: 23/23
 22725 | D:15     | Reached skill level 15 in Shields
 22821 | D:15     | Noticed Rupert
 22827 | D:15     | Paralysed by Rupert for 2 turns
 23063 | D:14     | Killed Rupert
 23271 | D:15     | Noticed Agnes
 23298 | D:15     | HP: 1/100 [Agnes/+1 vampiric lajatang (20)]
 23304 | D:15     | HP: 2/100 [Agnes/+1 vampiric lajatang (9)]
 24749 | D:15     | Mangled by Agnes

Illustrated notes

Levels and vault maps discovered:
D:1:      dpeg_arrival_long_road, layout_loops_ring,
          dilly_ecumenical_altar_fadedgnrine, corexii_item_surrounded_by_moat,
          minivault_4, grunt_decor_cap
D:2:      layout_loops_ring, hex_large, uniq_crazy_yiuf_cottage, uniq_jessica
D:3:      layout_rooms, chei_slow_surprise
D:4:      layout_gridville, nicolae_ru_sacrificial_ziggurat,
          cheibrodos_ashenzari_chains, lemuel_round_altar,
          nicolae_shop_fire_sale [nicolae_sub_dead_trees], uniq_pikel
D:5:      layout_rooms
D:6:      layout_gridville, serial_shops, shop, shop, shop,
          nicolae_shop_back_alley_shop, nicolae_shop_hallway_stairs,
          kennysheep_generic_room_13, uniq_duvessa
D:7:      kennysheep_windowed_halls, layout_loops_corners,
          general_overflow_altar, minmay_temple_entry_slanted, uniq_maggie
D:8:      layout_cave_pools, kennysheep_vampire_church
D:9:      layout_stronghold, grunt_dithmenos_shadows,
          nicolae_overflow_hidden_temple
D:10:     layout_roguey [special_room_bee],
          grunt_temple_overflow_gold_and_silver, mainiacjoe_overflow_chevrons,
          fedhas_ov_isle_minmay
D:11:     layout_irregular_city, david_orc_4, st_stairs_3
D:12:     layout_roguey, gauntlet_entry_generic, xom_teletrap_fun
D:13:     layout_stronghold
D:14:     layout_layer_cave, skrybe_vaults_entry_preservation, serial_shops,
          shop, shop, nicolae_shop_advertising_works
          [nicolae_subvault_shop_adworks], grunt_decor_arrowhead, uniq_frances
D:15:     gammafunk_depths_entry_grave, layout_loops_ring, uniq_kirke,
          uniq_agnes, uniq_rupert
Temple:   grunt_temple_mini_profane
Lair:1:   layout_gridlike, grunt_megastairs_2, lemuel_fruit_fields
Lair:2:   layout_loops_ring, uniq_erica
Lair:3:   layout_loops_ring, minmay_swamp_entry_wisps,
          guppyfry_snake_entry_garden, nicolae_lair_lil_pond, grunt_megastairs_5
Lair:4:   layout_gridlike
Lair:5:   guppyfry_lair_end_dragon, layout_loops_ring,
          hangedman_lair_caniforms_friends, slime_entry_1, pond

Skill      XL: |  1  2  3  4  5  6  7  8  9 10 11 12 13 14 15 16 |
---------------+-------------------------------------------------+-----
Axes           | 2 3 4 5 7 8 9 10 11 12 13 14 | 14.6
Armour         | 4 5 6 7 8 9 10 11 | 11.3
Fighting       | 4 5 6 7 8 9 10 11 | 11.5
Shields        | 4 6 7 9 10 11 12 13 14 15 | 15.3
Evocations     | 3 4 6 7 8 9 10 | 10.5
Invocations    | 3 5 7 8 10 | 10.6
Long Blades    | 1 |  1.5

Action                     |  1- 3 |  4- 6 |  7- 9 | 10-12 | 13-15 | 16-18 || total
---------------------------+-------+-------+-------+-------+-------+-------++-------
  Melee: War axe           |    99 |   153 |   224 |   691 |  1594 |   301 ||  3062
         Scimitar          |       |       |       |       |    32 |     8 ||    40
    Use: Scroll            |     1 |     9 |     7 |     5 |     5 |     1 ||    28
         Potion            |       |     2 |     2 |     2 |    10 |     6 ||    22
   Stab: Petrified         |       |       |       |       |    16 |       ||    16
         Petrifying        |       |       |       |       |     1 |       ||     1
         Confused          |       |       |       |       |     1 |       ||     1
         Distracted        |       |       |       |       |     1 |       ||     1
 Armour: Scale mail        |     6 |       |       |       |       |       ||     6
         Plate armour      |    95 |   178 |   207 |   575 |   863 |       ||  1918
         Pearl dragon scal |       |       |       |       |   334 |   121 ||   455
  Dodge: Dodged            |    25 |    24 |    30 |   111 |   350 |    42 ||   582
  Block: Buckler           |    22 |    10 |       |       |       |       ||    32
         Tower shield      |       |   106 |   215 |   715 |  2073 |   253 ||  3362

Table legend: (Time is in decaauts)
 A = Elapsed time spent in this place.
 B = Non-inter-level travel time spent in this place.
 C = Inter-level travel time spent in this place.
 D = Time resting spent in this place.
 E = Time spent auto-exploring this place.
 F = Levels seen in this place.
 G = Mean time per level.
                   A        B        C        D        E       F      G
               +--------+--------+--------+--------+--------+-----+--------+
         Total |  25168 |  24452 |    716 |   6680 |  10573 |  23 | 1094.3 |
       Dungeon |  16937 |  16448 |    489 |   4654 |   7217 |  15 | 1129.1 |
        Temple |    222 |    222 |      0 |      0 |    167 |   1 |  222.0 |
          Lair |   7223 |   6996 |    227 |   1742 |   3174 |   5 | 1444.6 |
         Abyss |      8 |      8 |      0 |      0 |      0 |   1 |    8.0 |
      Gauntlet |    776 |    776 |      0 |    283 |     14 |   1 |  776.0 |
               +--------+--------+--------+--------+--------+-----+--------+

Top non-repeatable levels by time:
    D:14: 2729 daAuts
  Lair:5: 2273 daAuts
    D:13: 1813 daAuts
  Lair:4: 1703 daAuts
     D:7: 1623 daAuts
     D:9: 1488 daAuts
  Lair:1: 1228 daAuts
     D:1: 1214 daAuts
     D:4: 1194 daAuts
  Lair:2: 1025 daAuts
    D:12: 1003 daAuts
  Lair:3: 991 daAuts
    D:10: 985 daAuts
    D:11: 948 daAuts
    D:15: 907 daAuts
